 Dungeon Crawl Stone Soup version 0.19-a0-1051-gdb7e7f8 (webtiles) character file.

202 Jmtri7 the Apprentice (level 5, -1/43 HPs)
             Began as a Deep Dwarf Artificer on Aug 2, 2016.
             Was an Initiate of Pakellas.
             Slain by an iguana (8 damage)
             ... on level 4 of the Dungeon.
             The game lasted 00:09:59 (2107 turns).

Jmtri7 the Apprentice (Deep Dwarf Artificer)        Turns: 2107, Time: 00:10:00

Health: -1/43      AC:  3    Str: 16    XL:     5   Next: 50%
Magic:  11/11      EV: 12    Int: 11    God:    Pakellas [......]
Gold:   111        SH:  0    Dex: 14    Spells: 0 memorised, 4 levels left

rFire  + . .     SeeInvis .     t - staff of fire
rCold  . . .     Gourm    .     s - +0 robe (curse)
rNeg   . . .     Faith    .     (no shield)
rPois  .         Spirit   .     m - +0 helmet
rElec  .         Dismiss  .     (no cloak)
rCorr  .         Reflect  .     (no gloves)
SustAt .         Harm     .     (no boots)
MR     .....                    (no amulet)
Stlth  ++........               (no ring)
                                (no ring)

@: non-regenerating, not resistant to hostile enchantments, unstealthy
A: damage resistance, recharge devices, sense surroundings 1, slow regeneration
3
a: Device Recharging, Renounce Religion


You were on level 4 of the Dungeon.
You worshipped Pakellas.
Pakellas was noncommittal.
You were hungry.

You visited 1 branch of the dungeon, and saw 4 of its levels.

You collected 111 gold pieces.

Inventory:

Hand Weapons
 l - a +2 dagger of holy wrath
Armour
 k - a +1 chain mail
 m - a +0 helmet (worn)
 s - a cursed +0 robe (worn)
Magical Staves
 t - an uncursed staff of fire (weapon)
Wands
 c - a wand of flame (10/48)
 d - a wand of enslavement (15/24)
 e - a wand of random effects (15/48)
 f - a wand of heal wounds (1/9)
Scrolls
 o - 2 scrolls of recharging
Potions
 a - a potion of cure mutation {unknown}
 i - 3 potions of curing
 p - 2 potions of agility
 r - a potion of brilliance {unknown}
 u - a potion of flight {unknown}
 v - 2 potions of magic {unknown}
 x - a potion of heal wounds {unknown}
Comestibles
 g - 3 bread rations
 q - a meat ration
 w - a royal jelly


   Skills:
 - Level 0.8 Fighting
 - Level 0.8 Short Blades
 - Level 2.1 Dodging
 - Level 1.2 Stealth
 + Level 8.3 Evocations


You had 4 spell levels left.
You didn't know any spells.

Dungeon Overview and Level Annotations

Branches:
Dungeon (4/15)
 Temple: D:4-7

Altars:
Cheibriados
Elyvilon
Pakellas
Ru
Vehumet

Annotations:
D:4 Deeps's ghost, amateur GrFi


Innate Abilities, Weirdness & Mutations

You are resistant to damage.
You can recharge devices by infusing magical energy.
You passively map a small area around you.
You do not regenerate naturally.


Message History

Pakellas accepts your kill.
Found a sacrificial altar of Ru.
Found a ring mail.
You hear the slow hiss of a very distant avalanche of sand.
You now have 111 gold pieces (gained 8).
An iguana comes into view.
The iguana hisses angrily.
The iguana misses you.
You hit the iguana.
The iguana is moderately wounded.
The iguana bites you. The iguana bites you!
You hit the iguana but do no damage. You burn the iguana!
The iguana is heavily wounded.
The iguana bites you!
* * * LOW HITPOINT WARNING * * *
You barely miss the iguana.
The iguana is heavily wounded.
The iguana bites you!
You die...
Pakellas says: That's one more possible approach eliminated.

** ####. ,* ,
...#.###### ,
......... * , ,
.......# , * * ,,
#.....## * ,
#......##.##
#....l......
*.#####..@#* *, *
.........# * ##. *
#######..####.##..[,
* #.........._. , *,
##...####..... ,
##.....##......, *
##.......#....⌠. , ,
#............... ,
,+.........+._... *


You could see an iguana.

Vanquished Creatures
  An orc priest (D:3)
  A gnoll (D:1)
  7 adders
  An ooze (D:3)
  3 worms (D:2)
  3 dart slugs
  2 giant geckos
  7 orcs (D:3)
  12 bats
  6 giant cockroaches
  4 goblins (D:1)
  8 hobgoblins
  7 jackals
  A quokka (D:2)
  4 giant newts
  3 kobolds
  6 rats
76 creatures vanquished.

Notes
Turn   | Place    | Note
-------+----------+-------------------------------------------
     0 | D:1      | Jmtri7 the Deep Dwarf Artificer began the quest for the Orb.
     0 | D:1      | Reached XP level 1. HP: 16/16 MP: 3/3
   120 | D:1      | Reached skill level 5 in Evocations
   120 | D:1      | Reached XP level 2. HP: 12/24 MP: 3/5
   190 | D:1      | Reached XP level 3. HP: 12/30 MP: 7/7
   649 | D:2      | Found a radiant altar of Vehumet.
   743 | D:2      | Reached skill level 6 in Evocations
   999 | D:2      | Reached XP level 4. HP: 19/37 MP: 8/8
  1224 | D:3      | Reached skill level 7 in Evocations
  1332 | D:3      | Reached XP level 5. HP: 10/43 MP: 10/10
  1433 | D:3      | Reached skill level 8 in Evocations
  1570 | D:3      | Found a snail-covered altar of Cheibriados.
  1997 | D:4      | Found an oddly glowing altar of Pakellas.
  2005 | D:4      | Became a worshipper of Pakellas the Inventive
  2006 | D:4      | Noticed Deeps's ghost (amateur GrFi)
  2087 | D:4      | Found a white marble altar of Elyvilon.
  2093 | D:4      | Found a sacrificial altar of Ru.
  2107 | D:4      | Slain by an iguana

Vault maps used:
D:1:      dpeg_arrival_tiny_f, hangedman_decor_push, hex_intersection
D:2:      lemuel_crystal_altar
D:3:      lemuel_upstairs_altar, first_bread, cheibriados_altar_1
D:4:      grunt_temple_overflow_open, old_standard_altar,
          lightli_ossuary_entry_decrepit_ruins

Skill      XL: |  1  2  3  4  5 |
---------------+----------------+-----
Evocations     | 5 6 7 8 |  8.3
Fighting       | |  0.8
Short Blades   | |  0.8
Dodging        | |  2.1
Stealth        | |  1.2

Action                   |  1- 3 |  4- 6 || total
-------------------------+-------+-------++-------
Melee: Short sword       |    42 |       ||    42
       Flail             |   122 |    67 ||   189
       Dagger            |       |    59 ||    59
       Staff             |       |    15 ||    15
Evoke: Wand              |     7 |     7 ||    14
  Use: Scroll            |     5 |     4 ||     9
 Stab: Sleeping          |       |     2 ||     2
  Eat: Chunk             |     1 |     3 ||     4
Armor: Leather armour    |     9 |       ||     9
       Chain mail        |   105 |       ||   105
       Robe              |    19 |    57 ||    76
Dodge: Dodged            |   112 |   117 ||   229
